AoeStats
← Joaquito

Arena

507078264Analyzed
4v4 RM · 15d ago on Sep 16, 2026· 53m 55s· 8 players
Game mode
Random Map
Map size
Large (8 player)
Population
200
Speed
Normal
Resources
Standard
Victory
Conquest
Starting age
Dark Age
Ending age
Imperial Age
RankedLock teamsTeams togetherTeam positionsShared explorationLock speedFull tech treeHidden civsTurbo modeCheats
Victory
Defeat
🇬🇷 Italians · Greece
1107
+15
🇭🇰 Bohemians · Hong Kong SAR China
1085
+15
🇬🇧 Slavs · United Kingdom
1077
+16
🇭🇰 Teutons · Hong Kong SAR China
1066
+16
🇨🇱 Mongols · Chile
1124
-18
🇨🇱 Cumans · Chile
1099
-17
🇨🇱 Burgundians · Chile
1046
-14
🇨🇱 Mapuche · Chile
1023
-13
Joaquito
10:03 Feudal Age
15:05 Castle Age
15:56 Double-Bit Axe
23:25 Fletching
24:03 Loom
25:33 Bodkin Arrow
26:44 Bow Saw
29:54 Wheelbarrow
30:43 Scale Barding Armor
30:38 Padded Archer Armor
31:06 Bloodlines
30:56 Husbandry
30:53 Horse Collar
31:59 Gold Mining
32:04 Stone Mining
33:54 Hand Cart
35:46 Ballistics
38:14 Imperial Age
36:29 Town Watch
37:22 Chain Barding Armor
40:00 Conscription
39:57 Elite Mangudai
40:46 Bracer
40:47 Padded Archer Armor
41:49 Chemistry
41:22 Heavy Plow
43:14 Hoardings
44:53 Gold Shaft Mining
44:55 Stone Shaft Mining
45:55 Drill
45:50 Onager
47:43 Leather Archer Armor
47:40 Masonry
47:42 Fortified Wall
Marsix
11:11 Feudal Age
15:04 Castle Age
13:27 Double-Bit Axe
14:22 Horse Collar
18:13 Fletching
20:02 Wheelbarrow
25:50 Malon
26:14 Loom
27:40 Bow Saw
29:30 Murder Holes
31:03 Padded Archer Armor
31:16 Bodkin Arrow
38:00 Imperial Age
38:47 Leather Archer Armor
39:08 Conscription
38:15 Elite Bolas Rider
40:19 Hand Cart
44:26 Pikeman
45:08 Heavy Plow
46:11 Halberdier
cacadecaca38
10:51 Feudal Age
11:00 Man-at-Arms
26:34 Forging
26:24 Scale Mail Armor
32:03 Double-Bit Axe
35:14 Castle Age
36:28 Wheelbarrow
35:19 Capped Ram
36:41 Iron Casting
36:22 Chain Mail Armor
35:30 Pikeman
36:37 Bow Saw
36:09 Horse Collar
36:29 Long Swordsman
38:45 Squires
39:06 Hand Cart
48:47 Crossbowman
52:40 Thumb Ring
52:41 Padded Archer Armor
Drookns
11:14 Feudal Age
15:04 Castle Age
13:14 Double-Bit Axe
13:24 Horse Collar
14:27 Bow Saw
15:28 Heavy Plow
17:38 Two-Man Saw
16:32 Gold Mining
22:48 Husbandry
22:38 Cavalier
23:26 Scale Barding Armor
25:24 Loom
26:16 Wheelbarrow
27:37 Chain Barding Armor
28:42 Hand Cart
28:40 Forging
29:41 Town Watch
32:06 Iron Casting
32:15 Gold Shaft Mining
35:50 Burgundian Vineyards
38:28 Imperial Age
38:48 Town Patrol
38:54 Paladin
39:59 Conscription
42:22 Chemistry
43:01 Plate Barding Armor
47:02 Blast Furnace
Ncall
11:02 Feudal Age
15:26 Castle Age
14:49 Double-Bit Axe
16:34 Horse Collar
18:12 Loom
25:45 Wheelbarrow
25:33 Bow Saw
25:42 Heavy Plow
30:01 Wagenburg Tactics
33:47 Pikeman
38:52 Imperial Age
36:29 Squires
38:37 Chemistry
38:13 Murder Holes
38:50 Scale Mail Armor
39:00 Forging
40:16 Conscription
40:45 Ballistics
40:31 Halberdier
40:58 Arson
41:10 Town Watch
41:13 Treadmill Crane
44:16 Chain Mail Armor
44:37 Iron Casting
45:46 Houfnice
47:58 Hand Cart
hin
10:13 Feudal Age
14:54 Castle Age
13:09 Double-Bit Axe
13:32 Horse Collar
16:18 Bow Saw
16:44 Loom
23:03 Wheelbarrow
22:48 Bloodlines
22:49 Gold Mining
23:56 Heavy Plow
25:31 Scale Barding Armor
26:45 Chain Barding Armor
26:36 Forging
26:22 Town Watch
29:34 Iron Casting
34:02 Imperial Age
34:08 Cavalier
35:28 Plate Barding Armor
35:10 Masonry
40:21 Blast Furnace
39:20 Paladin
AgEnT10101
0:29 Loom
10:34 Feudal Age
16:42 Castle Age
16:18 Double-Bit Axe
16:54 Horse Collar
22:14 Wheelbarrow
22:39 Scale Barding Armor
23:20 Gold Mining
23:23 Stone Mining
25:52 Hand Cart
26:48 Bow Saw
28:12 Gold Shaft Mining
29:13 Chain Barding Armor
29:26 Forging
30:45 Bloodlines
30:36 Husbandry
32:13 Heavy Plow
35:41 Imperial Age
34:13 Iron Casting
35:44 Elite Boyar
36:48 Conscription
37:06 Plate Barding Armor
38:41 Two-Man Saw
39:02 Blast Furnace
39:17 Scale Mail Armor
40:44 Chain Mail Armor
42:19 Crop Rotation
42:08 Druzhina
42:40 Plate Mail Armor
42:15 Squires
42:45 Pikeman
43:40 Halberdier
46:38 Man-at-Arms
50:12 Long Swordsman
50:44 Two-Handed Swordsman
51:52 Champion
M@nte
10:07 Feudal Age
10:36 Double-Bit Axe
11:19 Loom
13:20 Loom
13:26 Loom
17:31 Castle Age
15:57 Stone Mining
21:38 Horse Collar
22:12 Bow Saw
22:55 Heavy Plow
26:55 Fletching
39:17 Treadmill Crane
40:59 Town Watch
41:50 Wheelbarrow
41:12 Gold Mining
41:58 Stone Shaft Mining
43:53 Hand Cart
49:26 Ballistics
50:24 Bodkin Arrow
50:30 Padded Archer Armor
54:11 Imperial Age
53:12 Murder Holes
53:35 Leather Archer Armor
53:20 Scale Mail Armor
53:31 Forging
53:24 Town Patrol
Connection lost

Rejoining the realm…

Still unreachable

The connection could not be restored.

Session expired

The server has moved on; the page needs a fresh start.